 Dungeon Crawl Stone Soup version 0.18.1-50-g88ac8fd (webtiles) character file.

54 Chiseanne the Covert (level 3, -3/18 HPs)
             Began as a Spriggan Assassin on Mar 29, 2017.
             Slain by a worm (8 damage)
             ... on level 2 of the Dungeon.
             The game lasted 00:02:34 (1653 turns).

Chiseanne the Covert (Spriggan Assassin)            Turns: 1653, Time: 00:02:34

Health: -3/18      AC:  3    Str:  7    XL:     3   Next: 66%
Magic:  4/4        EV: 17    Int: 12    God:
Gold:   12         SH:  0    Dex: 18    Spells: 0 memorised, 2 levels left

rFire  . . .     SeeInvis +     a - +2 dagger
rCold  . . .     Gourm    .     c - +0 robe
rNeg   . . .     Faith    .     (shield restricted)
rPois  .         Spirit   .     (helmet restricted)
rElec  .         Dismiss  .     d - +0 cloak
rCorr  .         Reflect  .     (gloves unavailable)
SustAt .         Harm     .     (boots unavailable)
MR     .....                    (no amulet)
Stlth  +++++.....               (no ring)
                                (no ring)

@: very quick, not resistant to hostile enchantments, quite stealthy
A: unfitting armour, see invisible, herbivore 3, speed 3, slow metabolism 2
a: no special abilities


You were on level 2 of the Dungeon.
You were not hungry.

You visited 1 branch of the dungeon, and saw 3 of its levels.

You collected 12 gold pieces.

Inventory:

Hand Weapons
 a - a +2 dagger (weapon)
 b - a +0 blowgun
Missiles
 e - 8 poisoned needles
 f - 2 curare-tipped needles
 h - 22 stones (quivered)
Armour
 c - a +0 robe (worn)
 d - a +0 cloak (worn)
Jewellery
 i - an uncursed ring of magical power {unknown}
 l - an uncursed amulet of regeneration {unknown}
Potions
 j - 2 potions of heal wounds
 k - a potion of magic {unknown}
Comestibles
 g - 2 bread rations
 m - a royal jelly


   Skills:
 - Level 1.5 Fighting
 - Level 2.1 Short Blades
 - Level 2.0 Throwing
 - Level 1.5 Dodging
 * Level 8.1 Stealth


You had 2 spell levels left.
You didn't know any spells.

Dungeon Overview and Level Annotations

Branches:
Dungeon (3/15)

Altars:
Cheibriados
Trog


Innate Abilities, Weirdness & Mutations

You are tiny and cannot use many weapons and most armour.
You have supernaturally acute eyesight.
You are a herbivore.
You cover ground extremely quickly.
You need consume almost no food.


Message History

The bat hits you but does no damage.
You barely miss the worm.
The worm is heavily wounded.
The bat misses you. x2
You hit the worm but do no damage.
The worm is heavily wounded.
The bat closely misses you. The bat completely misses you.
The bat barely misses you. The worm barely misses you.
You hit the worm.
The worm is severely wounded.
The bat completely misses you. The worm closely misses you.
You hit the worm.
The worm is almost dead.
The bat hits you. The bat misses you. The bat hits you.
* * * LOW HITPOINT WARNING * * *
You barely miss the worm.
The worm is almost dead.
The bat closely misses you. The bat hits you but does no damage.
The worm bites you!
You die...

....... .......#### #
..........######### ..#
..[..#......)Sg...##...#
......b...#.)####.........
........#.##..............
........#.###.............
........#..##....w........
........##.##.b.@b.........
........##..................
........###†.............%.K
............#...............
...............#............
.............#..............
.........#.#......#..........
#.....>...%≈≈≈.....<.........#
#.........≈≈≈≈≈##..#.........#


You could see a worm and 2 bats.

Vanquished Creatures
  2 adders (D:2)
  2 dart slugs
  A ball python (D:1)
  2 giant cockroaches (D:1)
  A goblin (D:1)
  4 hobgoblins
  4 jackals (D:1)
  7 bats
  A giant newt (D:1)
  2 kobolds (D:1)
  6 rats
32 creatures vanquished.

Notes
Turn   | Place    | Note
--------------------------------------------------------------
     0 | D:1      | Chiseanne the Spriggan Assassin began the quest for the Orb.
     0 | D:1      | Reached XP level 1. HP: 10/10 MP: 2/2
    56 | D:1      | Reached skill level 6 in Stealth
   358 | D:1      | Reached XP level 2. HP: 14/14 MP: 3/3
   602 | D:1      | Reached skill level 7 in Stealth
  1108 | D:2      | You fall through a shaft!
  1257 | D:3      | Noticed a giant frog
  1265 | D:3      | Reached XP level 3. HP: 18/18 MP: 4/4
  1275 | D:2      | Found a snail-covered altar of Cheibriados.
  1328 | D:2      | Reached skill level 8 in Stealth
  1418 | D:2      | Found a bloodstained altar of Trog.
  1653 | D:2      | Slain by a worm

Skill      XL: |  1  2  3 |
---------------+----------+-----
Stealth        | 6 7 8 |  8.1
Fighting       | |  1.5
Short Blades   | |  2.1
Throwing       | |  2.0
Dodging        | |  1.5

Action                   || total
-------------------------++-------
Melee: Dagger            ||   138
  Use: Scroll            ||     1
       Potion            ||     1
 Stab: Sleeping          ||     9
       Distracted        ||     1
Armor: Robe              ||    24
Dodge: Dodged            ||   120
